 Dungeon Crawl Stone Soup version 0.30-a0-1112-gfb780f5df6 (webtiles) character file.

Game seed: 16298820221261759895

88 Aneyh the Trooper (level 4, 0/30 HPs)
             Began as a Tengu Fighter on Apr 19, 2023.
             Slain by Sigmund
             ... wielding a +0 scythe
              (4 damage)
             ... on level 3 of the Dungeon.
             The game lasted 00:02:21 (1849 turns).

Aneyh the Trooper (Tengu Fighter)                   Turns: 1849, Time: 00:02:22

Health: 0/30       AC:  9    Str: 19    XL:     4   Next: 54%
Magic:  5/5        EV:  7    Int:  8    God:
Gold:   91         SH:  4    Dex: 13    Spells: 3/3 levels left

rFire   . . .      SeeInvis .    a - +0 war axe
rCold   . . .      Faith    .    c - +0 buckler
rNeg    . . .      Spirit   .    s - +0 chain mail
rPois   .          Reflect  .    (helmet restricted)
rElec   .          Rampage  .    (no cloak)
rCorr   .                        (no gloves)
Will    .....                    (boots unavailable) Stlth
                                 (no amulet)
HPRegen 0.25/turn                (no ring)
MPRegen 0.09/turn                (no ring)

@: mighty
A: beak, talons 3
a: no special abilities


You were on level 3 of the Dungeon.
You visited 1 branch of the dungeon, and saw 3 of its levels.

You collected 91 gold pieces.

Inventory:

Hand Weapons
 a - a +0 war axe (weapon)
 r - a +0 flail
Armour
 b - a +0 scale mail
 c - a +0 buckler (worn)
 m - a +0 kite shield
 s - a +0 chain mail (worn)
Wands
 q - a wand of roots (4)
Scrolls
 g - a scroll of fog {unknown}
 h - a scroll of immolation {unknown}
 i - 3 scrolls of identify {unknown}
 j - a scroll of acquirement {unknown}
 o - a scroll of fear {unknown}
Potions
 e - a potion of brilliance {unknown}
 f - 3 potions of curing {unknown}
 k - a potion of lignification {unknown}
 l - a potion of flight {unknown}
 n - a potion of heal wounds {unknown}
 p - a potion of haste {unknown}


   Skills:
 * Level 4.4 Fighting
 + Level 3.5 Axes
 - Level 3.2 Armour
 - Level 3.0 Shields


You had 3 spell levels left.
You didn't know any spells.
Your spell library contained the following spells:

 Spells                   Type           Power      Damage    Failure   Level
 Hailstorm                Conj/Ice       0%         3d3       100%        3
 Ice Form                 Ice/Tmut       0%         N/A       100%        4
 Simulacrum               Ice/Necr       0%         N/A       100%        6


Dungeon Overview and Level Annotations

Branches:
Dungeon (3/15)

Altars:
Cheibriados

Shops:
D:1 ?

Annotations:
D:3 Sigmund


Innate Abilities, Weirdness & Mutations

You have a beak for a mouth.
You have claws for feet.


Message History

The endoplasm hits you.
You slash the endoplasm!
You kill the endoplasm!
No target in view!
HP restored.
Found a stone staircase leading down.
A hobgoblin comes into view.
The hobgoblin shouts!
Sigmund the Dreaded comes into view.
He is wielding a +0 scythe.
Sigmund shouts!
There are monsters nearby!
The hobgoblin hits you but does no damage.
You hit the hobgoblin.
The hobgoblin is moderately wounded.
Sigmund hits you from afar with a +0 scythe.
The hobgoblin hits you.
You hit the hobgoblin but do no damage. You claw the hobgoblin.
You kill the hobgoblin!
You block Sigmund's attack.
You feel very mighty all of a sudden. Sigmund closely misses you.
You closely miss Sigmund. Sigmund casts a spell at you.
The puff of flame hits you.
You completely miss Sigmund. You claw Sigmund.
Sigmund is lightly wounded.
Sigmund points at you and mumbles some strange words.
You are confused.
Sigmund hits you from afar with a +0 scythe.
Sigmund hits you but does no damage. Sigmund hits you with a +0 scythe!
* * * LOW HITPOINT WARNING * * *
Sigmund hits you with a +0 scythe.
* * * LOW HITPOINT WARNING * * *
You feel less confused.
You barely miss Sigmund. Your kick misses Sigmund. You peck Sigmund!
Sigmund is heavily wounded.
Sigmund looks at you with fury. Sigmund hits you with a +0 scythe.
You die...

#.# #.### #...
##############.##
#...............#
#.######........#
#.######........#
#.##..........@.#
#.##...#.....†@.#
#.##...#............#
#.##.......#######..#
##.......##... .#
#.........###.. #
##...............
...........### ..
##.........#
#..........>


You could see Sigmund.

Vanquished Creatures
  Terence (D:2)
  An adder (D:2)
  2 worms (D:2)
  3 ball pythons
  6 endoplasms
  3 giant cockroaches
  4 goblins
  5 hobgoblins
  4 jackals (D:1)
  2 kobolds
  3 quokkas (D:2)
  3 bats (D:2)
  2 frilled lizards
  4 rats (D:1)
43 creatures vanquished.

Notes
Turn   | Place    | Note
-------+----------+-------------------------------------------
     0 | D:1      | Aneyh the Tengu Fighter began the quest for the Orb.
     0 | D:1      | Reached XP level 1. HP: 14/14 MP: 2/2
   100 | D:1      | Reached XP level 2. HP: 17/19 MP: 3/3
   132 | D:1      | Found Kucistra's Magic Scroll Shoppe.
   941 | D:1      | Reached XP level 3. HP: 24/24 MP: 4/4
  1081 | D:2      | Reached skill level 4 in Fighting
  1268 | D:2      | Found a faded altar of an unknown god.
  1386 | D:2      | Found a snail-covered altar of Cheibriados.
  1603 | D:2      | Reached XP level 4. HP: 26/29 MP: 5/5
  1624 | D:2      | Noticed Terence
  1629 | D:2      | Killed Terence
  1834 | D:3      | Noticed Sigmund
  1849 | D:3      | Slain by Sigmund

Illustrated notes

Levels and vault maps discovered:
D:1:      dpeg_arrival_long_road, layout_basic, serial_shops,
          nicolae_shop_tiny_real_fake_doors, ebering_dispersal_statue_hall
D:2:      layout_loops_ring, basic_altar,
          dreamdust_ecumenical_altar_sealed_demon, st_stairs_6, uniq_terence
D:3:      layout_basic, gammafunk_temple_overflow_pools, uniq_sigmund,
          uniq_crazy_yiuf_cottage

Skill      XL: |  1  2  3 |
---------------+----------+-----
Fighting       | 4 |  4.4
Axes           | 3 |  3.5
Armour         | |  3.2
Shields        | |  3.0

Action                     |  1- 3 |  4- 6 || total
---------------------------+-------+-------++-------
  Melee: War axe           |    76 |    18 ||    94
         Kick              |    20 |     4 ||    24
         Peck              |     7 |     3 ||    10
    Use: Potion            |       |     1 ||     1
 Armour: Scale mail        |    28 |     1 ||    29
         Chain mail        |       |     3 ||     3
  Dodge: Dodged            |    24 |     4 ||    28
  Block: Buckler           |    11 |     3 ||    14

Table legend: (Time is in decaauts)
 A = Elapsed time spent in this place.
 B = Non-inter-level travel time spent in this place.
 C = Inter-level travel time spent in this place.
 D = Time resting spent in this place.
 E = Time spent auto-exploring this place.
 F = Levels seen in this place.
 G = Mean time per level.
                   A        B        C        D        E       F      G
               +--------+--------+--------+--------+--------+-----+--------+
         Total |   1885 |   1828 |     57 |     46 |   1489 |   3 |  628.3 |
       Dungeon |   1885 |   1828 |     57 |     46 |   1489 |   3 |  628.3 |
               +--------+--------+--------+--------+--------+-----+--------+

Top non-repeatable levels by time:
     D:1: 1050 daAuts
     D:2: 721 daAuts
     D:3: 113 daAuts
